 Dungeon Crawl Stone Soup version 0.21.0-24-g2553a33 (webtiles) character file.

224 Inarius the Chiller (level 5, -2/40 HPs)
             Began as a Draconian Ice Elementalist on Jan 19, 2018.
             Slain by a bullfrog (4 damage)
             ... in a sewer.
             The game lasted 00:07:40 (2197 turns).

Inarius the Chiller (Draconian Ice Elementalist)    Turns: 2197, Time: 00:07:41

Health: -2/40      AC:  5    Str: 15    XL:     5   Next: 67%
Magic:  2/10       EV:  9    Int: 16    God:
Gold:   65         SH:  0    Dex: 12    Spells: 2/10 levels left

rFire    . . .     SeeInvis .   j - +2 dagger (venom)
rCold    . . .     Gourm    .   (no shield)
rNeg     . . .     Faith    .   (armour unavailable)
rPois    .         Spirit   .   (helmet restricted)
rElec    .         Reflect  .   (no cloak)
rCorr    .         Harm     .   (no gloves)
MR       .....                  (no boots)
Stlth    +++.......             (no amulet)
HPRegen  0.13/turn              e - ring of stealth
MPRegen  0.12/turn              (no ring)

@: mighty, lethally poisoned (-2 -> -4), constricted
A: unfitting armour, cold-blooded, AC +5
a: no special abilities


You were in a sewer.
You were not hungry.

You visited 1 branch of the dungeon, and saw 3 of its levels.
You also visited: Sewer.

You collected 65 gold pieces.

Inventory:

Hand Weapons
 j - a +2 dagger of venom (weapon)
Missiles
 h - 7 javelins (quivered)
Jewellery
 e - a ring of stealth (left hand)
Scrolls
 c - 3 scrolls of teleportation
 f - a scroll of remove curse
 l - a scroll of fog {unknown}
 m - a scroll of magic mapping
Potions
 g - a potion of curing
 i - 2 potions of might
 k - a potion of lignification {unknown}
 n - a potion of brilliance {unknown}
 o - 2 potions of magic {unknown}
 p - a potion of heal wounds {unknown}
Books
 a - a book of Frost

   Spells                             Type                      Level
   a - Freeze                         Ice                          1
   b - Throw Frost                    Conjuration/Ice              2
   c - Ozocubu's Armour               Charms/Ice                   3
   d - Throw Icicle                   Conjuration/Ice              4
   e - Summon Ice Beast               Ice/Summoning                4
Comestibles
 b - 6 rations
 d - 14 chunks of flesh


   Skills:
 + Level 1.3 Fighting
 + Level 2.3 Dodging
 - Level 1.7 Stealth
 + Level 3.3 Spellcasting
 + Level 1.0 Conjurations
 * Level 5.1 Ice Magic


You had 2 spell levels left.
You knew the following spells:

 Your Spells              Type           Power        Failure   Level  Hunger
a - Freeze                Ice            ###.         2%          1    None
b - Ozocubu's Armour      Chrm/Ice       ##......     19%         3    ###....
c - Throw Icicle          Conj/Ice       ##......     45%         4    ####...


Dungeon Overview and Level Annotations

Branches:
Dungeon (3/15)

Altars:


Innate Abilities, Weirdness & Mutations

Your plain brown scales are hard. (AC +5)
You cannot fit into any form of body armour.
You are cold-blooded and may be slowed by cold attacks.


Message History

Unknown command.
Unknown command.
Unknown command.
Unknown command.
Unknown command.
Unknown command.
Unknown command.
It was a potion of might.
You feel very mighty all of a sudden.
You feel sick. The bullfrog closely misses you.
The ball python bites you but does no damage.
The ball python constricts you. The ball python barely misses you.
The adder bites you.
* * * LOW HITPOINT WARNING * * *
The frilled lizard bites you.
* * * LOW HITPOINT WARNING * * *
The adder bites you.
* * * LOW HITPOINT WARNING * * *
The bullfrog hits you.
You die...

≈..≈##
#..##.....##
≈≈≈≈≈#
#####≈≈≈≈≈≈#
≈÷≈≈≈#
#≈≈≈≈≈≈#
≈≈≈≈≈#
#≈≈≈≈≈≈#
≈≈≈≈≈#
#≈≈≈≈≈≈#
≈≈≈≈≈#
#≈≈≈≈≈≈#
≈..≈≈#
#≈≈≈≈#≈#
≈([≈≈#
#≈≈≈#S≈#
≈≈.≈≈#
#≈≈SF@S#
≈≈≈≈≈#
#≈≈≈SlS#
≈≈≈≈≈#
#≈≈≈≈S≈#
≈≈≈≈≈#
#≈≈≈≈≈≈#
≈≈≈≈≈#
#≈≈≈≈≈≈#
≈≈≈≈≈#
#≈≈≈≈≈≈#
≈≈≈≈≈#
#≈≈≈≈≈≈#
≈≈≈≈≈#
#≈≈≈≈≈≈#
≈.≈..#
#.≈≈≈≈.#


You could see a bullfrog, 2 adders, 4 ball pythons and a frilled lizard.

Vanquished Creatures
  A bullfrog (Sewer)
  2 river rats (Sewer)
  3 adders
  An ooze (D:2)
  A worm (D:3)
  4 dart slugs (D:1)
  4 leopard geckos
  An orc (D:3)
  12 ball pythons
  6 giant cockroaches
  4 goblins
  4 hobgoblins (D:1)
  5 jackals
  2 quokkas (D:2)
  8 bats
  A frilled lizard (D:1)
  7 kobolds
  33 rats
99 creatures vanquished.

Notes
Turn   | Place    | Note
-------+----------+-------------------------------------------
     0 | D:1      | Inarius the Draconian Ice Elementalist began the quest for the Orb.
     0 | D:1      | Reached XP level 1. HP: 14/14 MP: 3/3
   249 | D:1      | Reached XP level 2. HP: 4/20 MP: 0/5
   821 | D:1      | Reached skill level 4 in Ice Magic
  1023 | D:1      | Reached XP level 3. HP: 26/26 MP: 6/6
  1598 | D:2      | Reached XP level 4. HP: 27/34 MP: 4/7
  1822 | D:3      | Found a glowing drain.
  1877 | D:3      | Learned a level 3 spell: Ozocubu's Armour
  1882 | D:3      | Learned a level 4 spell: Throw Icicle
  1905 | Sewer    | Entered a sewer
  2080 | Sewer    | Reached XP level 5. HP: 37/39 MP: 6/9
  2192 | Sewer    | Reached skill level 1 in Fighting
  2192 | Sewer    | Reached skill level 5 in Ice Magic
  2197 | Sewer    | HP: 2/40 [adder (1)]
  2197 | Sewer    | Slain by a bullfrog

Skill      XL: |  1  2  3  4  5 |
---------------+----------------+-----
Ice Magic      | 4 5 |  5.1
Spellcasting   | 3 |  3.3
Dodging        | 2 |  2.3
Fighting       | 1 |  1.3
Stealth        | |  1.7
Conjurations   | |  1.0

Action                   |  1- 3 |  4- 6 || total
-------------------------+-------+-------++-------
Melee: Unarmed           |     8 |       ||     8
       Dagger            |    51 |   114 ||   165
       Tailslap          |     1 |     8 ||     9
 Cast: Freeze            |    36 |    24 ||    60
  Use: Scroll            |       |     5 ||     5
       Potion            |       |     2 ||     2
 Stab: Sleeping          |     9 |     3 ||    12
  Eat: Chunk             |     3 |     2 ||     5
Armor: Skin              |    25 |    59 ||    84
Dodge: Dodged            |    56 |    85 ||   141
